AoeStats
← Mhafiki

MegaRandom

505590731Analyzed
3v3 RM · 22d ago on Sep 10, 2026· 55m 0s· 6 players
Game mode
Random Map
Map size
Normal (6 player)
Population
200
Speed
Normal
Resources
Standard
Victory
Conquest
Starting age
Dark Age
Ending age
Imperial Age
RankedLock teamsTeams togetherTeam positionsShared explorationLock speedFull tech treeHidden civsTurbo modeCheats
Victory
Defeat
🇺🇸 Mongols · United States
1137
+13
🇺🇸 Sicilians · United States
1092
+15
🇺🇸 Franks · United States
1071
+16
🇺🇸 Malay · United States
1113
-16
🇸🇪 Hindustanis · Sweden
1098
-16
🇺🇸 Romans · United States
993
-12
DVaso
10:33 Feudal Age
10:32 Loom
13:22 Double-Bit Axe
23:55 Castle Age
23:05 Scale Mail Armor
23:12 Fletching
24:01 Forging
23:57 Horse Collar
24:43 Squires
25:39 Chain Mail Armor
27:37 Iron Casting
28:46 Bodkin Arrow
28:30 Pikeman
40:29 Imperial Age
38:42 Wheelbarrow
40:58 Elite Serjeant
42:00 Conscription
42:11 Plate Mail Armor
45:11 Blast Furnace
45:26 Arson
48:04 First Crusade
51:31 Hand Cart
51:01 Town Watch
51:36 Bow Saw
51:28 Heavy Plow
Triqem
13:12 Feudal Age
17:22 Castle Age
15:12 Double-Bit Axe
16:00 Stone Mining
19:38 Husbandry
22:18 Wheelbarrow
23:52 Scale Barding Armor
26:44 Forging
26:37 Gold Mining
29:40 Chain Barding Armor
30:50 Padded Archer Armor
31:26 Iron Casting
32:24 Fletching
35:13 Imperial Age
33:10 Devotion
33:59 Bodkin Arrow
34:36 Loom
35:19 Leather Archer Armor
36:24 Gold Shaft Mining
36:03 Bow Saw
35:21 Cavalier
37:24 Plate Barding Armor
37:31 Paladin
39:43 Blast Furnace
39:35 Conscription
41:45 Hand Cart
41:16 Town Watch
42:15 Elite Throwing Axeman
45:05 Chivalry
Mhafiki
8:55 Loom
10:40 Feudal Age
11:47 Double-Bit Axe
11:43 Horse Collar
17:03 Castle Age
18:11 Bow Saw
18:03 Heavy Plow
17:54 Gold Mining
22:19 Wheelbarrow
25:43 Fervor
28:25 Gold Shaft Mining
28:37 Hand Cart
30:58 Fletching
31:08 Padded Archer Armor
33:57 Imperial Age
32:50 Bodkin Arrow
33:10 Leather Archer Armor
34:21 Stone Mining
34:48 Elite Mangudai
36:03 Hoardings
35:31 Bracer
35:57 Parthian Tactics
35:38 Thumb Ring
35:45 Bloodlines
35:35 Husbandry
37:46 Conscription
38:27 Onager
40:03 Ballistics
40:44 Chemistry
39:55 Masonry
41:37 Siege Onager
54:04 Drill
53:45 Nomads
Rusty Shank
5:35 Loom
10:30 Feudal Age
11:34 Double-Bit Axe
13:31 Wheelbarrow
13:26 Man-at-Arms
15:44 Scale Mail Armor
16:25 Horse Collar
17:39 Town Watch
19:41 Forging
25:33 Castle Age
24:51 Gold Mining
24:54 Stone Mining
26:52 Chain Mail Armor
26:01 Long Swordsman
29:29 Hand Cart
29:53 Bow Saw
29:58 Squires
31:15 Iron Casting
36:18 Ballistas
36:36 Heavy Plow
39:21 Ballistics
38:57 Murder Holes
43:40 Imperial Age
44:20 Heavy Scorpion
Solomon Kane
2:44 Loom
11:31 Feudal Age
11:34 Town Watch
24:48 Fletching
29:45 Castle Age
28:41 Padded Archer Armor
28:46 Crossbowman
29:43 Bodkin Arrow
33:32 Leather Archer Armor
36:00 Wheelbarrow
42:18 Elite Skirmisher
44:32 Thumb Ring
Hanny
8:10 Loom
10:56 Feudal Age
19:28 Castle Age
19:36 Scale Barding Armor
20:22 Bloodlines
21:34 Forging
21:31 Gold Mining
21:50 Town Watch
23:11 Wheelbarrow
23:18 Horse Collar
25:23 Double-Bit Axe
29:28 Hand Cart
31:20 Iron Casting
33:22 Chain Barding Armor
36:47 Imperial Age
34:46 Fletching
34:50 Stone Mining
35:52 Gold Shaft Mining
35:33 Bow Saw
35:44 Husbandry
36:08 Grand Trunk Road
36:48 Heavy Camel Rider
39:06 Blast Furnace
39:38 Imperial Camel Rider
41:02 Plate Barding Armor
Connection lost

Rejoining the realm…

Still unreachable

The connection could not be restored.

Session expired

The server has moved on; the page needs a fresh start.